 Dungeon Crawl Stone Soup version 0.31.0-9-g3a7656b989 (webtiles) character file.

Game seed: 4019105718657429600

37 Arcadio the Trooper (level 3, 0/27 (29) HPs)
             Began as a Human Monk on Jan 24, 2024.
             Slain by Crazy Yiuf
             ... wielding a +4 quarterstaff of chaos
              (8 damage)
             ... on level 2 of the Dungeon.
             The game lasted 00:01:32 (1691 turns).

Arcadio the Trooper (Human Monk)                    Turns: 1691, Time: 00:01:32

HP:   0/27 (29)     AC:  6    Str: 11    XL:     3   Next: 41%
MP:   3/3           EV: 11    Int: 10    God:
Gold: 112           SH:  0    Dex: 17    Spells: 2/2 levels left

rFire   . . .        a - +0 falchion
rCold   . . .        d - orb {light}
rNeg    . . .        q - +0 ring mail
rPois   .            (no helmet)
rElec   .            (no cloak)
rCorr   .            h - +0 pair of gloves
SInv    .            (no boots)
Will    .....        (no amulet) Stlth
                     (no ring)
HPRegen 0.24/turn    (no ring)
MPRegen 0.08/turn

%: no passive effects
@: confused, glowing, drained
A: explore regen
a: no special abilities


You were on level 2 of the Dungeon.
You visited 1 branch of the dungeon, and saw 2 of its levels.

You collected 112 gold pieces.

Inventory:

Hand Weapons
 a - a +0 falchion (weapon)
Armour
 b - a +0 robe
 d - an orb of light (worn)
 h - a +0 pair of gloves (worn)
 q - a +0 ring mail (worn)
Jewellery
 k - a +5 ring of evasion
Scrolls
 e - a scroll of poison {unknown}
 f - a scroll of immolation {unknown}
 g - 2 scrolls of enchant armour {unknown}
 i - 2 scrolls of identify {unknown}
 m - a scroll of fear {unknown}
 n - a scroll of amnesia {unknown}
 o - a scroll of butterflies {unknown}
Potions
 c - a potion of ambrosia
 j - a potion of mutation {unknown}
 l - a potion of invisibility {unknown}
 p - a potion of curing {unknown}
 r - a potion of heal wounds {unknown}


   Skills:
 + Level 3.5 Fighting
 + Level 3.4 Long Blades
 + Level 3.5 Dodging


You had 2 spell levels left.
You didn't know any spells.
Your spell library was empty.

Dungeon Overview and Level Annotations

Branches:
Dungeon (2/15)

Altars:
Vehumet

Annotations:
D:2 Crazy Yiuf


Innate Abilities, Weirdness & Mutations

You regain HP and MP as you explore.


Message History

The jackal bites you but does no damage.
You closely miss the jackal.
The jackal is moderately wounded.
The jackal closely misses you.
You slash the jackal!
You kill the jackal!
Things that are here:
a jackal corpse; a jackal corpse
Things that are here:
a jackal corpse; a jackal corpse You open the door.
There is an open door here.
You open the door.
There is an open door here.
You see here a +0 hammer.
Found a runed translucent door.
You see here a +0 hammer.
Crazy Yiuf shouts!
Crazy Yiuf cries, "You leg down broken song, no?"
You see here a +0 hammer.
Crazy Yiuf screams, "You green pizzabubble!"
You open the door. You barely miss Crazy Yiuf.
Crazy Yiuf hits you with a +4 quarterstaff of chaos.
You feel drained.
You hit Crazy Yiuf but do no damage. Crazy Yiuf barely misses you.
You hit Crazy Yiuf.
Crazy Yiuf is lightly wounded.
Crazy Yiuf closely misses you. x2
You hit Crazy Yiuf.
Crazy Yiuf is lightly wounded.
Crazy Yiuf hits you with a +4 quarterstaff of chaos.
You are confused.
You bump into the tree.
Crazy Yiuf hits you with a +4 quarterstaff of chaos!
Crazy Yiuf freezes you.
You hit Crazy Yiuf.
Crazy Yiuf is heavily wounded.
Crazy Yiuf hits you with a +4 quarterstaff of chaos!
You die...

.......####.# #..#
#.# ............#
#>## #.#
.......###### ###
#.# .......# #.#
.......# #.#
########
♣♣♣♣♣####.# ###
♣♣♣)♣.P..##.#
#...#♣).♣).....#.#
#.).g@♣♣♣♣.......#
#)..#♣♣ ♣♣......#
### ♣♣##<#.# ###.#
..# ###


You could see Crazy Yiuf.

Vanquished Creatures
  An adder (D:2)
  2 ribbon worms (D:2)
  A ball python (D:1)
  2 endoplasms
  2 goblins
  3 hobgoblins (D:1)
  3 jackals (D:2)
  A kobold (D:1)
  A quokka (D:1)
  2 bats
  3 frilled lizards (D:1)
  A rat (D:2)
22 creatures vanquished.

Notes
Turn   | Place    | Note
-------+----------+-------------------------------------------
     0 | D:1      | Arcadio the Human Monk began the quest for the Orb.
     0 | D:1      | Reached XP level 1. HP: 18/18 MP: 1/1
   188 | D:1      | Reached XP level 2. HP: 24/24 MP: 2/2
  1159 | D:2      | Reached XP level 3. HP: 26/29 MP: 3/3
  1578 | D:2      | Found a radiant altar of Vehumet.
  1681 | D:2      | Found a runed translucent door.
  1682 | D:2      | Noticed Crazy Yiuf
  1691 | D:2      | Slain by Crazy Yiuf

Illustrated notes

Levels and vault maps discovered:
D:1:      mrwooster_arrival_statue_3, layout_basic,
          hangedman_abyss_or_decor_lesser_grid, nicolae_hexahallways, hex_large,
          chequers_serial_rivers_room_a
D:2:      layout_basic, basic_altar, serial_glass, glass_columns_b,
          glass_columns_b, minmay_door_square, uniq_crazy_yiuf_cottage

Action                     || total
---------------------------++-------
  Melee: Falchion          ||    84
 Armour: Robe              ||    37
         Ring mail         ||    15
  Dodge: Dodged            ||    57
